 Dungeon Sprint DCSS version 0.28-a0-32-g8dfe7f97f6 (webtiles) character file.

Game seed: 10492713502396484597

53 night the Conjurer (level 3, -12/26 HPs)
             Began as a Draconian Conjurer on July 27, 2021.
             Mangled by an ogre (27 damage)
             ... in the Dungeon (Sprint IX: "|||||||||||||||||||||||||||||").
             The game lasted 00:01:00 (159 turns).

night the Conjurer (Draconian Conjurer)              Turns: 159, Time: 00:01:01

Health: -12/26     AC:  5    Str:  9    XL:     3   Next: 62%
Magic:  5/9        EV: 12    Int: 19    God:
Gold:   0          SH:  0    Dex:  9    Spells: 11/12 levels left

rFire   . . .      SeeInvis .   (no weapon)
rCold   . . .      Faith    .   (no shield)
rNeg    . . .      Spirit   .   (armour unavailable)
rPois   .          Reflect  .   (helmet restricted)
rElec   .          Harm     .   (no cloak)
rCorr   .          Rampage  .   (no gloves)
Will    .....      NoTele   +   (no boots)
Stlth   ++........              (no amulet)
HPRegen 0.08/turn               (no ring)
MPRegen 0.11/turn               (no ring)

@: on berserk cooldown, slowed, very slow
A: AC +5, unfitting armour, cold-blooded
a: no special abilities


You were in the Dungeon.
You visited 1 branch

Inventory:

Potions
 a - a potion of curing
 c - a potion of haste
 d - 2 potions of magic


   Skills:
 - Level 1.7 Dodging
 - Level 1.7 Stealth
 + Level 5.0 Spellcasting
 + Level 6.5 Conjurations


You had 11 spell levels left.
You knew the following spells:

 Your Spells              Type           Power      Damage    Failure   Level
a - Magic Dart            Conj           100%       1d8       1%          1

Your spell library contained the following spells:

 Spells                   Type           Power      Damage    Failure   Level
 Searing Ray              Conj           58%        3d5       1%          2
 Dazzling Flash           Conj/Hex       34%        N/A       10%         3
 Fulminant Prism          Conj/Hex       8%         3d7       32%         4
 Iskenderun's Mystic Bla  Conj/Tloc      17%        2d5       32%         4


Dungeon Overview and Level Annotations

Branches:
Dungeon (1/1)

Altars:


Innate Abilities, Weirdness & Mutations

Your plain brown scales are hard. (AC +5)
You cannot fit into any form of body armour.
You are cold-blooded and may be slowed by cold attacks.


Message History

You barely miss the adder. The adder barely misses you.
You hit the adder.
The adder is heavily wounded.
The adder barely misses you.
You punch the adder!
You kill the adder!
Your Spellcasting skill increases to level 4!
You hit the gnoll shaman.
The gnoll shaman is moderately wounded.
You hit the gnoll shaman.
The gnoll shaman is heavily wounded.
The gnoll shaman hits you with a +0 whip!
You closely miss the gnoll shaman.
The gnoll shaman is heavily wounded.
You barely miss the gnoll shaman.
The gnoll shaman is heavily wounded.
The gnoll shaman completely misses you.
You barely miss the gnoll shaman.
The gnoll shaman is heavily wounded.
The gnoll shaman barely misses you.
You punch the gnoll shaman!
The gnoll shaman is almost dead.
The gnoll shaman misses you.
You hit the gnoll shaman.
The gnoll shaman is almost dead.
You hit the gnoll shaman.
You kill the gnoll shaman!
Your Spellcasting skill increases to level 5!
Your Conjurations skill increases to level 6!
You have reached level 3!
Your experience leads to an increase in your attributes!
Increase (S)trength, (I)ntelligence, or (D)exterity?
You feel clever.
Your scales feel tougher.
You feel a strong urge to attack something.
You are no longer berserk.
You are exhausted.
You feel yourself slow down.
The ogre hits you with a +0 giant club!!
Ouch! That really hurt!
You die... ▓▓▓▓▓▓▓▓▓▓▓▓▓▓▓▓▓▓ +@OO).'.....†.).<▓ ▓▓▓▓▓▓▓▓▓▓▓▓▓▓▓▓▓▓

You could see 2 ogres.

Vanquished Creatures
  A gnoll shaman (D)
  2 adders (D)
  A ball python (D)
  2 kobolds (D)
  A quokka (D)
  A frilled lizard (D)
8 creatures vanquished.

Notes
Turn   | Place    | Note
-------+----------+-------------------------------------------
     0 | D        | night the Draconian Conjurer began the quest for the Orb.
     0 | D        | Reached XP level 1. HP: 14/14 MP: 3/3
   132 | D        | Noticed a gnoll shaman
   132 | D        | Noticed an ogre
   132 | D        | Noticed an ogre
   146 | D        | Reached skill level 5 in Conjurations
   146 | D        | Reached XP level 2. HP: 20/20 MP: 4/6
   157 | D        | Reached skill level 5 in Spellcasting
   157 | D        | Reached skill level 6 in Conjurations
   157 | D        | Reached XP level 3. HP: 23/26 MP: 4/9
   159 | D        | Mangled by an ogre

Illustrated notes

Levels and vault maps discovered:
D:        linesprint [early_d, line_temple, items_1, d_10, items_2, lair_1,
          lair_end, items_3, orc_1, orc_end, items_4, d_15, swamp_1, shoals_1,
          snake_1, spider_1, d_20, vaults_1, items_5, swamp_end, shoals_end,
          snake_end, spider_end, vaults_end, d_27, items_6, zot_1, zot_end,
          crypt_end, forest_end, elf_end, slime_end, tomb_end, abyss_end,
          pan_hell_end]

Skill      XL: |  1  2 |
---------------+-------+-----
Spellcasting   | 3 5 |  5.0
Conjurations   | 5 6 |  6.5
Dodging        | |  1.7
Stealth        | |  1.7

Action                   || total
-------------------------++-------
Melee: Unarmed           ||    47
       Tailslap          ||     4
 Cast: Magic Dart        ||     6
  Use: Potion            ||     2
       Scroll            ||     1
Armor: Skin              ||     8
Dodge: Dodged            ||    30

Table legend: (Time is in decaauts)
 A = Elapsed time spent in this place.
 B = Non-inter-level travel time spent in this place.
 C = Inter-level travel time spent in this place.
 D = Time resting spent in this place.
 E = Time spent auto-exploring this place.
 F = Levels seen in this place.
 G = Mean time per level.
                   A        B        C        D        E       F      G
               +--------+--------+--------+--------+--------+-----+--------+
         Total |    153 |    153 |      0 |     80 |      3 |   1 |  153.0 |
       Dungeon |    153 |    153 |      0 |     80 |      3 |   1 |  153.0 |
               +--------+--------+--------+--------+--------+-----+--------+

Top non-repeatable levels by time:
       D: 153 daAuts
